 Dungeon Crawl Stone Soup version 0.31-a0-460-g9e667d4245 (webtiles) character file.

Game seed: 17174429997092240835

0 oldriver the Vexing (level 1, 0/13 HPs)
             Began as a Vampire Enchanter on Aug 4, 2023.
             Slain by a goblin
             ... wielding a +0 club
              (3 damage)
             ... on level 1 of the Dungeon.
             The game lasted 00:00:14 (30 turns).

oldriver the Vexing (Vampire Enchanter)               Turns: 30, Time: 00:00:15

Health: 0/13       AC:  2    Str:  7    XL:     1   Next: 8%
Magic:  3/3        EV: 12    Int: 17    God:
Gold:   0          SH:  0    Dex: 14    Spells: 4/4 levels left

rFire   . . .        a - +1 dagger
rCold   . . .        (no shield)
rNeg    . . .        b - +0 robe
rPois   .            (no helmet)
rElec   .            d - scarf {+Inv}
rCorr   .            (no gloves)
SInv    +            (no boots)
Will    .....        (no amulet)
Stlth   +++          (no ring)
HPRegen 0.42/turn    (no ring)
MPRegen 0.08/turn

%: no passive effects
@: healing quickly, invisible
A: alive, fangs 3, see invisible, vampiric 1
a: Exsanguinate, Evoke Invisibility


You were on level 1 of the Dungeon.
You visited 1 branch of the dungeon, and saw 1 of its levels.

Inventory:

Hand Weapons
 a - a +1 dagger (weapon)
Armour
 b - a +0 robe (worn)
 d - a scarf of invisibility (worn)
Potions
 c - a potion of invisibility


   Skills:
 * Level 1.1 Short Blades
 - Level 2.1 Dodging
 + Level 4.4 Stealth
 + Level 2.0 Spellcasting
 - Level 4.4 Hexes


You had 4 spell levels left.
You didn't know any spells.
Your spell library contained the following spells:

 Spells                   Type           Power      Damage    Failure   Level
 Confusing Touch          Hex            16%        N/A       10%         3
 Tukima's Dance           Hex            16%        N/A       10%         3
 Ensorcelled Hibernation  Hex/Ice        18%        N/A       12%         2
 Dazzling Flash           Conj/Hex       18%        N/A       24%         3


Dungeon Overview and Level Annotations

Branches:
Dungeon (1/15)

Altars:


Innate Abilities, Weirdness & Mutations

Your natural rate of healing is accelerated.
You have razor-sharp teeth.
You have supernaturally acute eyesight. (SInv)
You are afflicted with vampirism.


Message History

There is an open door here.
A rat comes into view.
A rat is nearby!
A rat is nearby!
The rat bites you.
You see here 6 stones.
You closely miss the rat. The rat barely misses you.
You hit the rat.
You kill the rat!
You see here a rat corpse.
You see here a scarf of invisibility.
d - a scarf of invisibility You start putting on your armour.
You continue putting on your scarf of invisibility. x4
You finish putting on your scarf of invisibility.
You become transparent for a moment.
A rat comes into view.
Found 4 gold pieces.
A rat is nearby!
A rat is nearby!
A rat is nearby!
A goblin comes into view. It is wielding a +0 club.
Found 13 gold pieces.
The goblin shouts!
You hear a shout!
A frilled lizard comes into view.
The goblin hits you with a +0 club.
A kobold comes into view. It is wielding a +0 short sword.
Found 7 stones.
The goblin hits you with a +0 club.
A goblin comes into view. It is wielding a +0 dagger.
The frilled lizard hisses angrily.
The goblin shouts!
You hit the goblin.
The goblin is severely wounded.
The kobold attacks as you move away!
The kobold hits you with a +0 short sword.
The goblin attacks as you move away! The goblin hits you with a +0 club.
* * * LOW HITPOINT WARNING * * *
You fade into invisibility!
The goblin hits you with a +0 club.
You die...

.....#.........
..#..#....##..##
...............#
..........##...#
......$...l....#
...........##..##.###
.....................
.......l#####.###.####
....###Krg@...........
.. .##########........
..........†...#####
#....#...(....#
#.........#.#
##..#'#..##.#
####⌠#### .# +⌠<⌠+ #
##⌠##


You could see a goblin (unable to see you), a kobold (unable to see you), a
frilled lizard (unable to see you) and a rat (unable to see you).

Vanquished Creatures
  A rat (D:1)
1 creature vanquished.

Notes
Turn   | Place    | Note
-------+----------+-------------------------------------------
     0 | D:1      | oldriver the Vampire Enchanter began the quest for the Orb.
     0 | D:1      | Reached XP level 1. HP: 13/13 MP: 3/3
    30 | D:1      | Slain by a goblin

Illustrated notes

Levels and vault maps discovered:
D:1:      grunt_arrival_crossed_arrows, layout_basic

Action                     || total
---------------------------++-------
  Melee: Dagger            ||     3
    Use: Potion            ||     1
  Dodge: Dodged            ||     1

Table legend: (Time is in decaauts)
 A = Elapsed time spent in this place.
 B = Non-inter-level travel time spent in this place.
 C = Inter-level travel time spent in this place.
 D = Time resting spent in this place.
 E = Time spent auto-exploring this place.
 F = Levels seen in this place.
 G = Mean time per level.
                   A        B        C        D        E       F      G
               +--------+--------+--------+--------+--------+-----+--------+
         Total |     29 |     29 |      0 |      0 |      5 |   1 |   29.0 |
       Dungeon |     29 |     29 |      0 |      0 |      5 |   1 |   29.0 |
               +--------+--------+--------+--------+--------+-----+--------+

Top non-repeatable levels by time:
     D:1: 29 daAuts
